 Dungeon Crawl Stone Soup version 0.21-a0-525-ga34b322 (webtiles) character file.

277 Ketzopolo the Sneak (level 6, -1/42 HPs)
             Began as a Spriggan Enchanter on Dec 7, 2017.
             Was an Initiate of Dithmenos.
             Slain by a phantom (4 damage)
             ... on level 3 of the Dungeon.
             The game lasted 00:30:37 (4704 turns).

Ketzopolo the Sneak (Spriggan Enchanter)            Turns: 4704, Time: 00:30:37

Health: -1/42      AC: 23    Str:  4    XL:     6   Next: 4%
Magic:  3/12       EV:  4    Int: 18    God:    Dithmenos [......]
Gold:   195        SH:  0    Dex: 20    Spells: 3/12 levels left

rFire    . . .     SeeInvis +   a - +1 dagger
rCold    . . .     Gourm    .   (shield restricted)
rNeg     + + +     Faith    .   (armour currently unavailable)
rPois    +         Spirit   .   (helmet currently unavailable)
rElec    .         Reflect  .   (cloak currently unavailable)
rCorr    .         Harm     .   (gloves unavailable)
MR       +....     NoTele   +   (boots unavailable)
Stlth    +++.......             (no amulet)
HPRegen  0.14/turn              k - +3 ring of dexterity
MPRegen  0.13/turn              (no ring)

@: tree-form
A: very small, unfitting armour, see invisible, herbivore 3, slow metabolism 2
a: Renounce Religion


You were on level 3 of the Dungeon.
You worshipped Dithmenos.
Dithmenos was noncommittal.
You were not hungry.
You were a tree.
You visited 1 branch of the dungeon, and saw 4 of its levels.

You collected 195 gold pieces.

Inventory:

Hand Weapons
 a - a +1 dagger (weapon)
Armour
 b - a +0 robe (melded)
 n - a +1 hat (melded)
Jewellery
 k - a +3 ring of dexterity (left branch)
 v - an uncursed ring of wizardry {unknown}
Wands
 p - a wand of disintegration (12)
Scrolls
 e - 3 scrolls of blinking
 g - a scroll of enchant armour {unknown}
 h - 3 scrolls of teleportation
 j - 2 scrolls of identify
 l - a scroll of immolation {unknown}
 m - 2 scrolls of magic mapping {unknown}
 o - 3 scrolls of remove curse {unknown}
 r - a scroll of amnesia {unknown}
 s - a scroll of fear {unknown}
 u - a scroll of fog {unknown}
Potions
 f - a potion of lignification
 i - 2 potions of mutation
 q - a potion of flight {unknown}
 w - 2 potions of degeneration {unknown}
Books
 c - a book of Maledictions

   Spells                             Type                      Level
   a - Corona                         Hexes                        1
   b - Ensorcelled Hibernation        Hexes/Ice                    2
   c - Confuse                        Hexes                        3
   d - Tukima's Dance                 Hexes                        3
   e - Dazzling Spray                 Conjuration/Hexes            3
Comestibles
 d - 2 bread rations
 t - a royal jelly


   Skills:
 * Level 3.5 Short Blades
 - Level 3.0 Dodging
 * Level 5.9 Stealth
 + Level 3.9 Spellcasting
 + Level 5.0 Hexes
 + Level 1.7 Ice Magic


You had 3 spell levels left.
You knew the following spells:

 Your Spells              Type           Power        Failure   Level  Hunger
a - Corona                Hex            ###....      1%          1    None
b - Ensorcelled Hibernat  Hex/Ice        ###...       5%          2    ##.....
c - Confuse               Hex            ###.....     5%          3    ###....
d - Tukima's Dance        Hex            ###.....     5%          3    ###....


Dungeon Overview and Level Annotations

Branches:
Dungeon (4/15)
 Temple: D:4-7

Altars:
Dithmenos
Gozag


Innate Abilities, Weirdness & Mutations

You are very small and have problems with some larger weapons.
You are too small for most types of armour.
You have supernaturally acute eyesight. (SInv)
You are a herbivore.
((You cover ground extremely quickly.))
You need consume almost no food.


Message History

You don't have enough magic to cast that spell.
Unknown command.
You hit the phantom.
The phantom is lightly damaged.
You closely miss the phantom.
The phantom is lightly damaged.
The phantom completely misses you.
You hit the phantom but do no damage.
The phantom is lightly damaged.
The phantom hits you.
The phantom blinks!
The phantom hits you!
* * * LOW HITPOINT WARNING * * *
There is a stone staircase leading up here.
The phantom hits you but does no damage.
You climb upwards.
There is a stone staircase leading down here.
You turn into a tree.
Your +1 hat melds into your body.
Your +0 robe melds into your body.
Your roots penetrate the ground.
The phantom hits you.
You die...

#.##.#.#############.....
#.##.#.............'.....
#.##.#.#############.....
#.##.#.# #..).. #.##.#.#
#####. #.##.#.# #. #.##.#.#
#. #.##.#.##################
#####'##.#.#♣W.(.........##..
#..........#.................
#.......####)############.#..
#.............# #.#..
#.............# #.[##
#.............# ##...
#.............# #...
#.............# #...
#####+##......# #...


You could see a phantom.

Vanquished Creatures
  An ogre (D:4)
  An orc priest (D:3)
  Ijyb (D:3)
  A worker ant (D:4)
  4 adders
  2 worms
  A dart slug (D:1)
  2 leopard geckos
  4 orcs (D:3)
  2 giant cockroaches
  8 goblins
  3 hobgoblins
  5 jackals
  8 kobolds
  2 ball pythons
  9 bats
  5 frilled lizards
  5 rats
64 creatures vanquished.

Notes
Turn   | Place    | Note
-------+----------+-------------------------------------------
     0 | D:1      | Ketzopolo the Spriggan Enchanter began the quest for the Orb.
     0 | D:1      | Reached XP level 1. HP: 9/9 MP: 5/5
   548 | D:1      | Reached XP level 2. HP: 13/13 MP: 6/6
   655 | D:1      | Learned a level 2 spell: Ensorcelled Hibernation
  1651 | D:2      | Reached XP level 3. HP: 12/16 MP: 8/8
  1724 | D:2      | Learned a level 3 spell: Confuse
  2238 | D:2      | Reached skill level 1 in Ice Magic
  2705 | D:2      | Found a shadowy altar of Dithmenos.
  2842 | D:2      | Became a worshipper of Dithmenos the Shadowed
  3445 | D:3      | Reached XP level 4. HP: 21/21 MP: 6/9
  3800 | D:3      | Noticed Ijyb
  3804 | D:3      | Killed Ijyb
  3804 | D:3      | Reached skill level 5 in Stealth
  3812 | D:3      | Found an opulent altar of Gozag.
  3876 | D:3      | Reached XP level 5. HP: 24/24 MP: 11/11
  3986 | D:3      | Learned a level 3 spell: Tukima's Dance
  4316 | D:3      | Found a faded altar of an unknown god.
  4607 | D:4      | Noticed a phantom
  4674 | D:4      | Noticed an ogre
  4690 | D:4      | Killed an ogre
  4690 | D:4      | Reached skill level 5 in Hexes
  4690 | D:4      | Reached XP level 6. HP: 17/28 MP: 7/12
  4704 | D:3      | Slain by a phantom

Vault maps used:
D:1:      dpeg_arrival_signposts
D:2:      overflow_temple_1_default, first_bread, minmay_tripent
D:3:      old_standard_altar, chequers_ecumenical_altar_lobes, uniq_ijyb
D:4:      kennysheep_slug_shrine, enter_ossuary_1

Skill      XL: |  1  2  3  4  5 |
---------------+----------------+-----
Spellcasting   | 3 |  3.9
Hexes          | 4 5 |  5.0
Short Blades   | 2 3 |  3.5
Ice Magic      | 1 |  1.7
Stealth        | 5 |  5.9
Dodging        | |  3.0

Action                   |  1- 3 |  4- 6 || total
-------------------------+-------+-------++-------
Melee: Dagger            |   139 |    70 ||   209
 Cast: Corona            |     2 |     3 ||     5
       Ensorcelled Hiber |    19 |    14 ||    33
       Confuse           |     5 |     3 ||     8
  Use: Scroll            |     4 |       ||     4
       Potion            |       |     2 ||     2
 Stab: Sleeping          |    24 |    14 ||    38
       Distracted        |     1 |     1 ||     2
       Confused          |     2 |       ||     2
  Eat: Bread ration      |       |     1 ||     1
Armor: Robe              |    20 |     6 ||    26
Dodge: Dodged            |   114 |    45 ||   159

Table legend:
 A = Spawn XP
 B = Non-spawn XP
 C = Spawn XP percentage of total XP
 D = Spawn monster count
 E = Non-spawn monster count
 F = Spawn count percentage of total count
 G = Total turns spent on level
                    A         B        C        D         E        F      G
               +---------+---------+-------+---------+---------+-------+---------
         Total |       0 |     397 |   0.0 |       0 |      64 |   0.0 |  4704
               +---------+---------+-------+---------+---------+-------+---------
           D:1 |       0 |      25 |   0.0 |       0 |      14 |   0.0 |  1663
           D:2 |       0 |      54 |   0.0 |       0 |      20 |   0.0 |  1538
           D:3 |       0 |     139 |   0.0 |       0 |      27 |   0.0 |  1434
           D:4 |       0 |     179 |   0.0 |       0 |       3 |   0.0 |    69
               +---------+---------+-------+---------+---------+-------+---------
